 Dungeon Crawl Stone Soup version 0.18.0-1-g0107ab7 (webtiles) character file.

72 Chiseanne the Magician (level 4, 16/30 HPs)
             Began as a Demonspawn Wizard on May 5, 2016.
             Quit the game on level 2 of the Dungeon.
             The game lasted 00:03:32 (1814 turns).

Chiseanne the Magician (Demonspawn Wizard)          Turns: 1814, Time: 00:03:33

Health: 16/30      AC:  4    Str:  8    XL:     4   Next: 6%
Magic:  0/10       EV: 12    Int: 20    God:
Gold:   86         SH:  0    Dex: 11    Spells: 4 memorised, 3 levels left

rFire  . . .     SeeInvis .     m - +0 spear
rCold  . . .     Gourm    .     a - +0 robe
rNeg   . . .     Faith    .     (no shield)
rPois  .         Spirit   .     b - +1 hat
rElec  .         Dismiss  .     q - +0 cloak
rCorr  .         Reflect  .     (no gloves)
SustAt .         Harm     .     (no boots)
MR     .....                    (no amulet)
Stlth  ++........               (no ring)
                                (no ring)

@: mildly poisoned (16 -> 16), not resistant to hostile enchantments, unstealthy
A: antennae 1, powered by death 1
a: no special abilities


You were on level 2 of the Dungeon.
You were not hungry.

You visited 1 branch of the dungeon, and saw 2 of its levels.

You collected 86 gold pieces.

Inventory:

Hand Weapons
 m - a +0 spear (weapon)
Missiles
 i - 61 bolts
 j - 26 sling bullets
 k - 46 stones (quivered)
 o - 26 arrows
Armour
 a - a +0 robe (worn)
 b - a +1 hat (worn)
 q - a +0 cloak (worn)
Jewellery
 p - a +2 ring of intelligence {unknown}
Scrolls
 e - 4 scrolls of teleportation
Potions
 f - 3 potions of berserk rage {unknown}
 g - a potion of degeneration {unknown}
 h - a potion of curing {unknown}
 r - a potion of haste
 s - a potion of lignification {unknown}
Books
 c - a book of Minor Magic

   Spells                             Type                      Level
   a - Magic Dart                     Conjuration                  1
   b - Blink                          Translocation                2
   c - Call Imp                       Summoning                    2
   d - Repel Missiles                 Charms/Air                   2
   e - Slow                           Hexes                        2
   f - Conjure Flame                  Conjuration/Fire             3
   g - Mephitic Cloud                 Conjuration/Poison/Air       3
Comestibles
 d - a bread ration
 l - 5 fruits
 n - 3 chunks of flesh


   Skills:
 - Level 1.7 Dodging
 - Level 1.7 Stealth
 * Level 4.0 Spellcasting
 * Level 2.6 Conjurations
   Level 1.0 Summonings
 - Level 0.8 Translocations


You had 3 spell levels left.
You knew the following spells:

 Your Spells              Type           Power        Failure   Level  Hunger
a - Magic Dart            Conj           ##..         4%          1    None
b - Blink                 Tloc           N/A          17%         2    #......
c - Repel Missiles        Chrm/Air       #.....       21%         2    #......
d - Mephitic Cloud        Conj/Pois/Air  #.......     30%         3    ###....


Dungeon Overview and Level Annotations

Branches:
Dungeon (2/15)

Altars:


Innate Abilities, Weirdness & Mutations

You have a pair of small antennae on your head.
You regenerate a little health from kills.


Message History

The adder is severely wounded.
You feel sick. The adder barely misses you.
Casting: Magic Dart
Confirm with . or Enter, or press ? or * to list all spells.
Aiming: Magic Dart
Press: ? - help, Shift-Dir - straight line, f/p - adder
Aim: an adder (severely wounded)
The magic dart hits the adder.
The adder is almost dead.
You feel sick. The adder misses you. The adder closely misses you.
You hit the adder.
You kill the adder!
Your Spellcasting skill increases to level 4!
You have reached level 4!
You feel stronger.
You feel monstrous as your demonic heritage exerts itself.
Your demonic ancestry asserts itself...
A pair of antennae grows on your head!
You feel sick.
Are you sure you want to abandon this character and quit the game? (Confirm with "yes".)

##รท..........#........#
)........#######.######
##.......# ##.##
####...### #...# #...#
#...# #####.## #...#
#......#### #...#
#.#.......#####...######
#.#..##.......@....).#
...#... ................
#.#.#..##........?.....##
#.# .... .#####...######
# ....# ## #...# #.##.#
#...# #. #. #...# #...#


There were no monsters in sight!

Vanquished Creatures
  2 adders (D:2)
  3 dart slugs
  A giant gecko (D:1)
  A ball python (D:1)
  7 bats
  7 goblins (D:1)
  7 hobgoblins
  4 jackals (D:1)
  4 giant newts
  4 kobolds
  3 rats
43 creatures vanquished.

Notes
Turn   | Place    | Note
--------------------------------------------------------------
     0 | D:1      | Chiseanne the Demonspawn Wizard began the quest for the Orb.
     0 | D:1      | Reached XP level 1. HP: 13/13 MP: 4/4
   330 | D:1      | Gained mutation: You regenerate a little health from kills. [demonic ancestry]
   330 | D:1      | Reached XP level 2. HP: 14/19 MP: 0/6
   863 | D:1      | Learned a level 2 spell: Blink
   866 | D:1      | Learned a level 2 spell: Repel Missiles
  1049 | D:1      | Reached XP level 3. HP: 24/24 MP: 5/8
  1429 | D:2      | Learned a level 3 spell: Mephitic Cloud
  1813 | D:2      | Reached skill level 4 in Spellcasting
  1813 | D:2      | Gained mutation: You have a pair of small antennae on your head. [demonic ancestry]
  1813 | D:2      | Reached XP level 4. HP: 16/30 MP: 0/10
  1814 | D:2      | Quit the game

Skill      XL: |  1  2  3 |
---------------+----------+-----
Conjurations   | 2 |  2.6
Spellcasting   | 4 |  4.0
Dodging        | |  1.7
Stealth        | |  1.7
Summonings     | |  1.0
Translocations | |  0.8

Action                   |  1- 3 |  4- 6 || total
-------------------------+-------+-------++-------
Melee: Whip              |    21 |       ||    21
       Club              |     1 |       ||     1
       Spear             |     9 |       ||     9
 Cast: Magic Dart        |    91 |       ||    91
       Repel Missiles    |     1 |       ||     1
  Use: Scroll            |     4 |       ||     4
  Eat: Chunk             |     3 |       ||     3
Armor: Robe              |    11 |       ||    11
Dodge: Dodged            |    29 |       ||    29
       Deflected         |     1 |       ||     1
